 Dungeon Crawl Stone Soup version 0.31.0-32-g396128a36d (webtiles) character file.

Game seed: 15555834446494106437

760 PriceMaster the Apothecary (level 7, -2/45 HPs)
             Began as an Octopode Alchemist on Apr 22, 2024.
             Splashed by a jelly's acid (8 damage)
             ... on level 5 of the Dungeon.
             The game lasted 00:06:17 (5033 turns).

PriceMaster the Apothecary (Octopode Alchemist)     Turns: 5033, Time: 00:06:18

Health: -2/45      AC: -11   Str:  8    XL:     7   Next: 80%
Magic:  11/12      EV: 14    Int: 19    God:
Gold:   197        SH:  0    Dex: 12    Spells: 4/12 levels left

rFire   . . .        m - +4 quarterstaff (chaos)
rCold   . . .        (shield currently unavailable)
rNeg    . . .        (helmet restricted)
rPois   .            (no amulet)
rElec   .            g - +4 ring of slaying
rCorr   .            (no ring)
SInv    .            (no ring)
Will    .....        (no ring)
Stlth   ++           (no ring)
HPRegen 0.27/turn    (no ring)
MPRegen 0.13/turn    (no ring)
                     (no ring)

%: no passive effects
@: confused, ambrosia-drunk, corroded
A: almost no armour, amphibious, 8 rings, camouflage 1, gelatinous body 1,
(nimble swimmer 1), tentacles
a: no special abilities


You were on level 5 of the Dungeon.
You visited 1 branch of the dungeon, and saw 5 of its levels.
You also visited: Ossuary.

You collected 197 gold pieces.

Inventory:

Hand Weapons
 i - a +2 whip of freezing
 j - a +2 mace of venom
 m - a +4 quarterstaff of chaos (weapon)
Missiles
 q - 2 throwing nets
Jewellery
 g - a +4 ring of slaying (left tentacle)
Wands
 p - a wand of digging (2)
Scrolls
 d - a scroll of revelation
 f - 3 scrolls of teleportation
 r - a scroll of enchant armour {unknown}
Potions
 a - a potion of magic
 b - 4 potions of curing
 c - a potion of heal wounds {unknown}
 e - 2 potions of invisibility
 h - a potion of attraction
 k - 4 potions of haste
 n - a potion of lignification
 o - a potion of mutation {unknown}
 s - a potion of berserk rage {unknown}


   Skills:
 * Level 2.2 Fighting
 + Level 2.0(2.4) Maces & Flails
 + Level 1.9(2.3) Staves
 * Level 3.4 Dodging
 * Level 5.1 Stealth
 + Level 0.8 Unarmed Combat
 + Level 3.4 Spellcasting
 + Level 2.0 Conjurations
 + Level 0.2 Air Magic
 * Level 5.7 Alchemy


You had 4 spell levels left.
You knew the following spells:

 Your Spells              Type           Power      Damage    Failure   Level
a - Sting                 Conj/Alch      72%        1d7       3%          1
b - Mephitic Cloud        Conj/Alch/Air  13%        N/A       14%         3
c - Olgreb's Toxic Radia  Alch           25%        N/A       14%         4

Your spell library contained the following spells:

 Spells                   Type           Power      Damage    Failure   Level
 Mercury Vapours          Alch/Air       28%        N/A       6%          2
 Apportation              Tloc           6%         N/A       14%         1
 Necrotise                Necr           12%        1d4       14%         1
 Summon Small Mammal      Summ           12%        N/A       14%         1
 Static Discharge         Conj/Air       14%        3-4/arc   14%         2
 Sticky Flame             Fire/Alch      14%        2d5       41%         4
 Airstrike                Air            2%         2d(1-17)  78%         4
 Summon Lightning Spire   Summ/Air       3%         N/A       80%         4


Dungeon Overview and Level Annotations

Branches:
Dungeon (5/15)            Ossuary (visited)
 Temple: D:4-7

Altars:
Makhleb
Okawaru
Trog
Wu Jian
Zin

Shops:
D:3 :


Innate Abilities, Weirdness & Mutations

You cannot wear most types of armour.
You are amphibious.
You can wear up to eight rings at the same time.
Your skin changes colour to match your surroundings (Stealth+).
Your rubbery body absorbs attacks. (AC +1, EV +1)
((You are camouflaged when in or above water. (Stealth+)))
You have tentacles for arms and can constrict up to eight enemies at once.


Message History

You begin to radiate toxic energy.
The adder is poisoned.
The adder looks even sicker.
The adder looks even sicker.
You hit the adder.
The adder flies into a frenzy!
Your grab misses the adder.
The adder is almost dead.
You kill the adder!
Your toxic aura wanes.
No target in view!
You enter the shallow water.
A jelly comes into view.
Found a stone staircase leading down.
The jelly quivers.
Casting: Olgreb's Toxic Radiance (quite dangerous; 14% risk of failure)
Confirm with . or Enter, or press ? or * to list all spells.
You begin to radiate toxic energy.
The jelly hits you.
You are splashed with acid.
The sting hits the jelly.
The jelly is poisoned.
The jelly is lightly wounded.
Your toxic aura wanes.
The jelly hits you. The acid corrodes you!
You are splashed with acid!
The sting hits the jelly.
The jelly partially resists.
The jelly is moderately wounded.
The jelly hits you. The acid corrodes you!
You are splashed with acid!
You are too injured to fight recklessly!
You are too injured to fight recklessly!
You are too injured to fight recklessly!
You are too injured to fight recklessly!
You hit the jelly. The acid corrodes you!
Your tentacles burn!
* * * LOW HITPOINT WARNING * * *
Your squeeze misses the jelly.
The jelly is severely wounded.
The jelly hits you.
* * * LOW HITPOINT WARNING * * *
You are splashed with acid!
* * * LOW HITPOINT WARNING * * *
You are confused.
You feel invigorated. The jelly hits you.
* * * LOW HITPOINT WARNING * * *
You are splashed with acid!
You die...

#..............
#..............
#..............
#..............
#..............
#..............
#.............. ..
#......@J..>... #####..
#......##+#######.......
#..(.♣P..♣........#.....
##..P♣.~~..♣.......#.....
##.♣.♣~~♣~..PP.. ...#.....
#......~~~~♣.... ..#.....
#.P...~♣~~~~P.♣####.#.....
#......♣.♣~~.....##.##'#(.
##...P.........P.......+..


You could see a jelly (poisoned).

Vanquished Creatures
  An ogre (D:4)
  A kobold brigand (D:4)
  2 wights (Ossuary)
  A burial acolyte (Ossuary)
  2 bombardier beetles
  2 hounds (D:5)
  Crazy Yiuf (D:2)
  3 orc priests
  Terence (D:3)
  An orc wizard (D:5)
  A mummy (Ossuary)
  5 adders
  A ribbon worm (D:2)
  2 dart slugs
  7 orcs
  10 ball pythons
  6 endoplasms
  4 giant cockroaches
  7 goblins
  7 hobgoblins
  3 quokkas
  3 bats
  4 frilled lizards
  6 gnoll skeletons (Ossuary)
  11 kobolds
  5 kobold skeletons (Ossuary)
  9 orc skeletons (Ossuary)
  11 rats
117 creatures vanquished.

Notes
Turn   | Place    | Note
-------+----------+-------------------------------------------
     0 | D:1      | PriceMaster the Octopode Alchemist began the quest for the
                  | Orb.
     0 | D:1      | Reached XP level 1. HP: 11/11 MP: 3/3
   151 | D:1      | Reached XP level 2. HP: 17/17 MP: 1/5
   705 | D:1      | Reached XP level 3. HP: 21/21 MP: 6/6
  1125 | D:2      | Learned a level 3 spell: Mephitic Cloud
  1544 | D:2      | Reached XP level 4. HP: 27/27 MP: 5/7
  1679 | D:2      | Found a bloodstained altar of Trog.
  1753 | D:2      | Found a runed translucent door.
  1754 | D:2      | Noticed Crazy Yiuf
  1882 | D:2      | Killed Crazy Yiuf
  1982 | D:3      | Learned a level 4 spell: Olgreb's Toxic Radiance
  2088 | D:3      | Found Cahauw's Book Shop.
  2240 | D:3      | Reached XP level 5. HP: 31/31 MP: 0/9
  2240 | D:3      | Noticed Terence
  2263 | D:3      | Killed Terence
  2488 | D:3      | Found a burning altar of Makhleb.
  2569 | D:3      | Found a glowing silver altar of Zin.
  2570 | D:3      | Found an iron altar of Okawaru.
  2619 | D:3      | Found an ornate altar of the Wu Jian Council.
  2778 | D:4      | Noticed a kobold brigand
  2784 | D:4      | Killed a kobold brigand
  2785 | D:4      | Reached skill level 1 in Fighting
  2785 | D:4      | Reached skill level 5 in Alchemy
  2785 | D:4      | Reached XP level 6. HP: 38/38 MP: 0/10
  2940 | D:4      | Found a sand-covered staircase.
  3095 | Ossuary  | Entered an ossuary
  3739 | Ossuary  | Reached skill level 1 in Maces & Flails
  3739 | Ossuary  | Reached skill level 1 in Staves
  3739 | Ossuary  | Reached XP level 7. HP: 27/43 MP: 4/11
  4679 | D:5      | Entered Level 5 of the Dungeon
  4717 | D:5      | Reached skill level 5 in Stealth
  5033 | D:5      | Splashed by a jelly's acid

Illustrated notes

Levels and vault maps discovered:
D:1:      co_arrival_square_in_a_square_in_a_square, layout_basic
D:2:      layout_basic, basic_altar, uniq_crazy_yiuf_cottage
D:3:      layout_rooms, nicolae_wu_jian_immortal_techniques, minitemple,
          serial_shops, shop, uniq_terence
D:4:      layout_basic, lightli_ossuary_entry_decrepit_ruins,
          lexackson_kobold_supper
D:5:      layout_gridville, serial_bayou_pond_a, kennysheep_minor_cross,
          nicolae_goblin_pals

Skill      XL: |  1  2  3  4  5  6  7 |
---------------+----------------------+-----
Alchemy        | 4 5 |  5.7
Stealth        | 3 4 5 |  5.1
Spellcasting   | 3 |  3.4
Fighting       | 1 2 |  2.2
Conjurations   | 2 |  2.0
Maces & Flails | 1 2 |  2.0
Staves         | 1 |  1.9
Dodging        | 3 |  3.4
Unarmed Combat | |  0.8
Air Magic      | |  0.2

Action                     |  1- 3 |  4- 6 |  7- 9 || total
---------------------------+-------+-------+-------++-------
  Melee: Unarmed           |    29 |       |       ||    29
         Punch             |     2 |     2 |       ||     4
         Tentacles         |    10 |    13 |     4 ||    27
         Constrict         |     8 |    19 |     3 ||    30
         Mace              |     7 |     4 |       ||    11
         Quarterstaff      |       |    19 |    19 ||    38
         Whip              |       |    36 |     4 ||    40
   Cast: Sting             |    52 |    22 |     8 ||    82
         Olgreb's Toxic Ra |       |     6 |     7 ||    13
         Mephitic Cloud    |       |     1 |     1 ||     2
    Use: Scroll            |       |     4 |     5 ||     9
         Potion            |       |     2 |     1 ||     3
   Stab: Sleeping          |     1 |     2 |     1 ||     4
         Invisible         |       |     1 |       ||     1
 Armour: Skin              |    24 |    24 |    12 ||    60
  Dodge: Dodged            |    41 |    36 |     8 ||    85
